 Dungeon Crawl Stone Soup version 0.32-a0-685-g93135e86f0 (webtiles) character file.

Game seed: 13311451038402052879

247 cforsyth the Firebug (level 5, -1/46 HPs)
             Began as a Mountain Dwarf Cinder Acolyte on Mar 12, 2024.
             Was a High Priest of Ignis.
             Slain by Pikel
             ... wielding a +2 whip of flaming
              (5 damage)
             ... on level 3 of the Dungeon on Mar 13, 2024.
             The game lasted 00:07:30 (4159 turns).

cforsyth the Firebug (MDCA)                         Turns: 4159, Time: 00:07:30

Health: -1/46      AC:  8    Str: 16    XL:     5   Next: 85%
Magic:  2/8        EV:  9    Int: 17    God:    Ignis [*****.]
Gold:   70         SH:  0    Dex:  5    Spells: 6/8 levels left

rFire   + + .        a - -1 hand axe (flame)
rCold   x . .        (no shield)
rNeg    . . .        j - +0 scale mail
rPois   .            d - +1 helmet
rElec   .            (no cloak)
rCorr   .            (no gloves)
SInv    .            (no boots)
Will    .....        (no amulet) Stlth
                     F - ring of fire
HPRegen 0.27/turn    (no ring)
MPRegen 0.11/turn

%: no passive effects
@: no status effects
A: runic magic, artefact enchanting
a: Renounce Religion, Fiery Armour, Foxfire Swarm, Rising Flame


You were on level 3 of the Dungeon.
You worshipped Ignis.
Ignis was extremely pleased with you.
You visited 1 branch of the dungeon, and saw 4 of its levels.

You collected 70 gold pieces.


Innate Abilities, Weirdness & Mutations

Your spellcasting is much less encumbered by armour.
You can use scrolls of enchantment on lesser artefacts.


   Skills:
 + Level 4.3 Fighting
 + Level 4.8 Axes
 + Level 2.5 Armour
 + Level 2.2 Spellcasting
 + Level 4.8 Fire Magic


You had 6 spell levels left.
You knew the following spells:

 Your Spells              Type           Power      Damage    Failure   Level
X - Scorch                Fire           54%        2d7       5%          2

Your spell library contained the following spells:

 Spells                   Type           Power      Damage    Failure   Level
 Ensorcelled Hibernation  Hex/Ice        2%         N/A       36%         2
 Passwall                 Erth           1%         N/A       61%         3
 Swiftness                Air            1%         N/A       61%         3

Inventory:

Hand Weapons
 a - a -1 hand axe of flaming (weapon)
Armour
 b - a +0 robe
 d - a +1 helmet (worn)
 j - a +0 scale mail (worn)
Magical Staves
 h - a staff of alchemy {!a}
Jewellery
 C - a ring of ice
 F - a ring of fire (left hand)
Wands
 n - a wand of flame (18)
 p - a wand of polymorph (3)
Scrolls
 c - 2 scrolls of summoning {unknown}
 e - a scroll of silence {unknown}
 f - 3 scrolls of identify {unknown}
 g - a scroll of revelation {unknown}
 i - 3 scrolls of teleportation {unknown}
 l - 3 scrolls of poison {unknown}
 o - a scroll of fog {unknown}
Potions
 k - a potion of berserk rage {unknown}
 m - a potion of lignification {unknown}

Dungeon Overview and Level Annotations

Branches:
Dungeon (4/15)             Temple (0/1) D:4

Altars:
Hepliaklqana
Vehumet

Annotations:
D:3 Pikel

.......#.#..####.#
#####.........##.#
#.####..#.##.#
#.####.......#
#............#
######.##.##>#
##########.##.##.#
#.......##.##.##.#
#.......#.....##@#
#.......#.......K#
#######
#.......#.########
##......
#.......#.#
#.....#.
#.......#.#
#.▒'▒.#.
#...<)..#.#
#.▒.▒.#.
##.###.##.#
##.▒.▒.#. ##.#
#.##.# #..▒.▒...
...###....#
#.▒▒.▒▒..


You could see Pikel.


Message History

Pikel is almost dead.
Pikel checks his coin pouch and frowns.
Pikel hits you with a +2 whip of flaming!
You hit Pikel but do no damage.
Pikel is almost dead.
Pikel barely misses you.
You hit Pikel but do no damage.
Pikel is almost dead.
Pikel says, "You'll feel the lick of my whip!"
Pikel barely misses you.
You closely miss Pikel.
Pikel is almost dead.
Pikel hits you with a +2 whip of flaming.
* * * LOW HITPOINT WARNING * * *
You hit Pikel but do no damage.
Pikel is almost dead.
Pikel hits you with a +2 whip of flaming!
* * * LOW HITPOINT WARNING * * *
You barely miss Pikel.
Pikel is almost dead.
Pikel hits you with a +2 whip of flaming.
* * * LOW HITPOINT WARNING * * *
Unknown command.
You hit Pikel but do no damage.
Pikel is almost dead.
Pikel is no longer more vulnerable to fire.
Pikel hits you with a +2 whip of flaming.
You die...
Pikel says, "Another soul for the market."
Ignis goes out, and joins you in death.

Skill      XL: |  1  2  3  4 |
---------------+-------------+-----
Armour         | 1 2 |  2.5
Axes           | 4 |  4.8
Fire Magic     | 4 |  4.8
Fighting       | 4 |  4.3
Spellcasting   | 2 |  2.2

Action                     |  1- 3 |  4- 6 || total
---------------------------+-------+-------++-------
  Melee: Hand axe          |   102 |    31 ||   133
   Cast: Scorch            |    18 |    54 ||    72
 Armour: Robe              |    61 |       ||    61
         Scale mail        |     4 |    37 ||    41
  Dodge: Dodged            |    51 |    18 ||    69

Levels and vault maps discovered:
D:1:      dpeg_arrival_prison, layout_loops_ring, minmay_tall_x
D:2:      layout_loops_ring, minmay_rat_gold_closets
D:3:      layout_loops_cross, lemuel_doored_altar,
          mainiacjoe_overflow_surrounded_room,
          ebering_ecumenical_altar_abandoned, chequers_jeans, hex_large,
          uniq_natasha, uniq_ijyb
D:4:      layout_basic, minmay_temple_entry_antechambers, uniq_pikel

Notes
Turn   | Place    | Note
-------+----------+-------------------------------------------
     0 | D:1      | cforsyth the Mountain Dwarf Cinder Acolyte began the quest
                  | for the Orb.
     0 | D:1      | Reached XP level 1. HP: 19/19 MP: 2/2
   267 | D:1      | Reached XP level 2. HP: 23/26 MP: 3/3
   374 | D:1      | Reached skill level 1 in Armour
   423 | D:1      | Reached skill level 4 in Axes
   485 | D:1      | Reached XP level 3. HP: 24/31 MP: 5/5
   491 | D:1      | Reached skill level 4 in Fire Magic
  1040 | D:2      | Learned a level 2 spell: Scorch
  1835 | D:2      | Reached XP level 4. HP: 40/40 MP: 1/6
  2805 | D:3      | Noticed Natasha
  2807 | D:3      | Killed Natasha
  2808 | D:3      | Reached skill level 4 in Fighting
  2808 | D:3      | Reached skill level 2 in Armour
  2824 | D:3      | Noticed Natasha
  2826 | D:3      | Killed Natasha
  2827 | D:3      | Reached skill level 2 in Spellcasting
  2827 | D:3      | Reached XP level 5. HP: 46/46 MP: 0/8
  3292 | D:3      | Found a radiant altar of Vehumet.
  3402 | D:3      | Found a faded altar of an unknown god.
  3494 | D:3      | Noticed Natasha
  3499 | D:3      | Killed Natasha
  3730 | D:3      | Found a hazy altar of Hepliaklqana.
  3840 | D:3      | Noticed Ijyb
  3899 | D:3      | Killed Ijyb
  4056 | D:4      | Found a staircase to the Ecumenical Temple.
  4089 | D:4      | Noticed a lemure
  4090 | D:4      | Noticed a lemure
  4090 | D:4      | Noticed a lemure
  4138 | D:4      | Noticed Pikel
  4145 | D:4      | Noticed a lemure
  4158 | D:3      | HP: 4/46 [Pikel/+2 whip of flaming (4)]
  4159 | D:3      | Slain by Pikel

Vanquished Creatures
  Ijyb (D:3)
  Natasha (thrice) (D:3)
  3 gnolls (D:2)
  3 adders
  3 dart slugs
  2 ribbon worms
  An orc (D:3)
  10 endoplasms
  A giant cockroach (D:2)
  15 goblins
  5 hobgoblins
  2 jackals (D:3)
  2 quokkas
  4 ball pythons
  7 bats
  5 frilled lizards
  6 kobolds
  13 rats
86 creatures vanquished.

Table legend: (Time is in decaauts)
 A = Elapsed time spent in this place.
 B = Non-inter-level travel time spent in this place.
 C = Inter-level travel time spent in this place.
 D = Time resting spent in this place.
 E = Time spent auto-exploring this place.
 F = Levels seen in this place.
 G = Mean time per level.
                   A        B        C        D        E       F      G
               +--------+--------+--------+--------+--------+-----+--------+
         Total |   4174 |   4034 |    140 |    428 |   2891 |   4 | 1043.5 |
       Dungeon |   4174 |   4034 |    140 |    428 |   2891 |   4 | 1043.5 |
               +--------+--------+--------+--------+--------+-----+--------+

Top non-repeatable levels by time:
     D:2: 1600 daAuts
     D:1: 1252 daAuts
     D:3: 1205 daAuts
     D:4: 115 daAuts

Table legend:
 A = Non-vault XP
 B = Vault XP
 C = Vault XP percentage of total XP
 D = Non-vault monster count
 E = Vault monster count
 F = Vault count percentage of total count
                 A         B        C        D         E       F
            +---------+---------+-------+---------+---------+-------
      Total |     266 |      88 |  24.9 |      70 |      16 |  18.6
            +---------+---------+-------+---------+---------+-------
        D:1 |      50 |       8 |  13.8 |      28 |       5 |  15.2
        D:2 |      86 |       9 |   9.5 |      23 |       9 |  28.1
        D:3 |     126 |      71 |  36.0 |      17 |       2 |  10.5
        D:4 |       4 |       0 |   0.0 |       2 |       0 |   0.0
            +---------+---------+-------+---------+---------+-------
